 Dungeon Crawl Stone Soup version 0.19.0-19-g8c6edcc (webtiles) character file.

170 Minion the Chopper (level 5, 0/45 HPs)
             Began as a Minotaur Fighter on Nov 13, 2016.
             Was a Follower of Yredelemnul.
             Succumbed to an orc wizard's poison
             ... on level 3 of the Dungeon.
             The game lasted 00:05:46 (1898 turns).

Minion the Chopper (Minotaur Fighter)               Turns: 1898, Time: 00:05:47

Health: 0/45       AC:  5    Str: 21 (22) XL:     5   Next: 26%
Magic:  4/4        EV: 10    Int:  2 (5)  God:    Yredelemnul [*.....]
Gold:   125        SH:  0    Dex:  6 (9)  Spells: 0 memorised, 4 levels left

rFire  . . .     SeeInvis .     a - +0 war axe
rCold  . . .     Gourm    .     r - +0 ring mail {rPois}
rNeg   . . .     Faith    .     (no shield)
rPois  +         Spirit   .     (helmet restricted)
rElec  .         Reflect  .     (no cloak)
rCorr  .         Harm     .     (no gloves)
MR     .....                    (no boots)
Stlth  ..........               l - amulet of inaccuracy (curse)
                                (no ring)
                                q - ring of loudness (curse)

@: confused, lethally poisoned (0 -> -6)
A: retaliatory headbutt, horns 2
a: Animate Remains, Renounce Religion


You were on level 3 of the Dungeon.
You worshipped Yredelemnul.
Yredelemnul was aware of your devotion.
You were not hungry.

You visited 1 branch of the dungeon, and saw 3 of its levels.

You collected 125 gold pieces.

Inventory:

Hand Weapons
 a - a +0 war axe (weapon)
Armour
 r - a +0 ring mail of poison resistance (worn)
Jewellery
 l - a cursed amulet of inaccuracy (around neck)
 q - a cursed ring of loudness (left hand)
Scrolls
 c - a scroll of magic mapping
 n - a scroll of teleportation
 p - 5 scrolls of identify
 s - a scroll of recharging
 t - 2 scrolls of enchant armour {unknown}
Potions
 d - a potion of might
 e - a potion of magic
 h - a potion of flight {unknown}
 m - a potion of resistance {unknown}
 o - a potion of brilliance {unknown}
 v - a potion of curing {unknown}
Comestibles
 f - 2 bread rations
 g - a meat ration
 i - 4 chunks of flesh
 j - a slice of pizza
 k - 2 beef jerkies
 u - a royal jelly


   Skills:
 - Level 3.6 Fighting
 * Level 6.7 Axes
 - Level 3.6 Armour
   Level 3.6 Shields


You had 4 spell levels left.
You didn't know any spells.

Dungeon Overview and Level Annotations

Branches:
Dungeon (3/15)

Altars:
Trog
Xom
Yredelemnul


Innate Abilities, Weirdness & Mutations

You reflexively headbutt those who attack you in melee.
You have a pair of horns on your head.


Message History

You're too confused to move!
* * * LOW HITPOINT WARNING * * *
You feel sick. The orc hits you with a hand axe.
* * * LOW HITPOINT WARNING * * *
The kobold closely misses you. The orc wizard closely misses you.
You hit the orc wizard but do no damage.
Your headbutt misses the orc wizard.
The orc wizard is severely wounded.
You barely miss the orc. You slash the kobold!
You kill the kobold!
Yredelemnul accepts your kill.
* * * LOW HITPOINT WARNING * * *
You feel sick. The orc hits you but does no damage.
The orc wizard hits you with a dagger of venom.
* * * LOW HITPOINT WARNING * * *
It was a potion of degeneration.
There was something very wrong with that liquid.
You feel weakened.
You feel dopey.
You feel clumsy.
You die...
Your body rises from the dead as a mindless zombie.

...
.............##....^#
....
.............##....≈#
....
......#+#.#....#...§##≈
.##.
[.....#.#.#....+....^§.
..........#....#.)...(.
.........#+####....^..
#.........)....^###
.###.#g#.#...........#
......o@.#...........#
......o).#..............
.........#..............
......##.#..............
...... #.#.#.#........##
...... #.#.#.#........#
..... #.#.#.##.......
..... .#


You could see an orc wizard, an orc and a goblin.

Vanquished Creatures
  An orc priest (D:3)
  An orc wizard (D:3)
  Ijyb (D:3)
  An adder (D:2)
  A worm (D:3)
  3 leopard geckos
  7 orcs (D:3)
  A giant cockroach (D:3)
  4 goblins
  2 hobgoblins (D:2)
  8 jackals
  4 quokkas
  12 bats
  2 frilled lizards
  7 kobolds
  9 rats
64 creatures vanquished.

Notes
Turn   | Place    | Note
-------+----------+-------------------------------------------
     0 | D:1      | Minion the Minotaur Fighter began the quest for the Orb.
     0 | D:1      | Reached XP level 1. HP: 19/19 MP: 0/0
   197 | D:1      | Reached skill level 3 in Axes
   244 | D:1      | Reached XP level 2. HP: 26/26 MP: 1/1
   696 | D:2      | Found a shimmering altar of Xom.
   736 | D:2      | Reached skill level 4 in Axes
   750 | D:2      | Reached XP level 3. HP: 23/31 MP: 2/2
  1168 | D:2      | Found a basalt altar of Yredelemnul.
  1178 | D:2      | Became a worshipper of Yredelemnul the Dark
  1366 | D:2      | Found a bloodstained altar of Trog.
  1474 | D:3      | Noticed Ijyb
  1479 | D:3      | Killed Ijyb
  1479 | D:3      | Reached skill level 5 in Axes
  1479 | D:3      | Reached XP level 4. HP: 37/39 MP: 3/3
  1560 | D:3      | Reached skill level 6 in Axes
  1732 | D:3      | Reached * piety under Yredelemnul
  1885 | D:3      | Reached XP level 5. HP: 45/45 MP: 4/4
  1897 | D:3      | HP: 1/45 [orc wizard/dagger of venom (3)]
  1898 | D:3      | Succumbed to an orc wizard's poison

Skill      XL: |  1  2  3  4 |
---------------+-------------+-----
Axes           | 3 4 5 6 |  6.7
Fighting       | |  3.6
Armour         | |  3.6
Shields        | |  3.6

Action                   |  1- 3 |  4- 6 || total
-------------------------+-------+-------++-------
Melee: War axe           |    58 |    62 ||   120
       Headbutt          |     5 |     4 ||     9
  Use: Scroll            |     8 |       ||     8
       Potion            |       |     1 ||     1
  Eat: Chunk             |     1 |     2 ||     3
Armor: Scale mail        |    23 |       ||    23
       Ring mail         |     8 |    35 ||    43
Dodge: Dodged            |    40 |    49 ||    89
